 Dungeon Crawl Stone Soup version 0.16-a0-282-ga87e286 (webtiles) character file.

113164 Ratboiler the Fighter (level 16, -3/93 HPs)
             Began as a Vine Stalker Gladiator on Aug 27, 2014.
             Was the Champion of Ashenzari.
             Succumbed to poison (poison gas)
             ... while paralysed
             ... on Level 5 of the Swamp.
             The game lasted 02:22:11 (27003 turns).

Ratboiler the Fighter (Vine Stalker Gladiator)     Turns: 27003, Time: 02:22:11

HP  -3/93        AC 28     Str 27      XL: 16   Next: 62%
MP  24/41        EV  2     Int  8      God: Ashenzari [******]
Gold 1953        SH  0     Dex 21      Spells:  0 memorised, 15 levels left

rFire  + + .     SeeInvis +     a - +9 lajatang (flame) (curse)
rCold  + . .     Clarity  +     g - +6 fire dragon armour (curse)
rNeg   + . .     rCorr    .     (no shield)
rPois  .         rRot     +     J - +0 helmet of the Other Side {rC++ rN+ Stlth+}
rElec  .         Spirit   +     q - +0 cloak (curse)
SustAb .         Warding  .     C - +1 pair of gloves {Str+3} (curse)
rMut   .         Stasis   .     m - +1 pair of boots (curse)
Gourm  .                        P - cursed amulet of rage
MR     ++...                    Q - cursed ring of regeneration
                                N - ring of magical power

@: paralysed, mighty, lethally poisoned, exhausted, slowed, very resistant to
hostile enchantments, very unstealthy
A: fangs 3, regeneration 3, magic shield, antimagic bite, no device heal 3, rot
immunity
a: Scrying, Transfer Knowledge, Renounce Religion, Evoke Berserk Rage


You were on level 5 of the Swamp.
You worshipped Ashenzari.
Ashenzari was exalted by your worship.
You were full.

You visited 5 branches of the dungeon, and saw 32 of its levels.
You also visited: Ossuary and Ice Cave.

You collected 3149 gold pieces.
You spent 1196 gold pieces at shops.

Inventory:

Hand weapons
 a - a cursed +9 lajatang of flaming (weapon)
 F - the cursed +7 cutlass "Fobiw" {elec, *Rage rElec SInv Stlth--}
   (You found it on level 4 of the Dungeon)

   Occasionally, upon striking a foe, it will discharge some electrical energy
   and cause terrible harm.
   It insulates you from electricity.
   It enhances your eyesight.
   It may make you go berserk in combat.
   It makes you much less stealthy.
   It has a curse placed upon it.
Missiles
 d - 11 throwing nets (quivered)
Armour
 g - a cursed +6 fire dragon armour (worn)
 m - a cursed +1 pair of boots (worn)
 q - a cursed +0 cloak (worn)
 C - a cursed +1 pair of gloves of strength (worn)
 J - the cursed +0 helmet of the Other Side (worn) {rC++ rN+ Stlth+}
   (You bought it in a shop on level 4 of the Orcish Mines)

   It greatly protects you from cold.
   It protects you from negative energy.
   It makes you more stealthy.
   It has a curse placed upon it.
Magical devices
 b - a wand of confusion (12)
 c - a wand of cold (5)
 n - a wand of lightning (7)
 t - a wand of flame (1)
 v - a wand of cold (5)
 D - a wand of paralysis (12)
 E - a wand of cold (12)
 M - a wand of lightning (4)
 O - a wand of fire (6)
 R - a wand of fireball (6)
 T - a wand of lightning (5)
 U - a wand of flame (12)
 V - a wand of magic darts (12)
 X - a wand of digging (21)
 Y - a wand of slowing (5)
Comestibles
 f - 17 bread rations
Scrolls
 h - a scroll of curse armour
 i - 9 scrolls of identify
 j - a scroll of enchant weapon
 k - 3 scrolls of amnesia
 l - 7 scrolls of fear
 o - a scroll of fog
 u - 4 scrolls of remove curse
 y - 10 scrolls of teleportation
 Z - a scroll of blinking
Jewellery
 e - an uncursed amulet of resist mutation
 x - an uncursed ring of positive energy
 L - an uncursed amulet of warding
 N - a ring of magical power (left hand)
 P - a cursed amulet of rage (around neck)
 Q - a cursed ring of regeneration (right hand)
Potions
 p - 2 potions of restore abilities
 r - a potion of magic
 s - a potion of resistance
 z - 5 potions of curing
 G - a potion of berserk rage
 H - 5 potions of agility
 I - 5 potions of haste
 K - 3 potions of flight
 S - a potion of brilliance
Books
 w - a book of Unlife

   Spells                             Type                      Level
   Recall                             Summoning/Translocation      3
   Animate Dead                       Necromancy                   4
   Control Undead                     Necromancy                   4
   Twisted Resurrection               Necromancy                   5
   Death Channel                      Necromancy                   6
   Simulacrum                         Ice/Necromancy               6
 A - a book of Callings

   Spells                             Type                      Level
   Summon Small Mammal                Summoning                    1
   Call Imp                           Summoning                    2
   Call Canine Familiar               Summoning                    3
   Summon Guardian Golem              Hexes/Summoning              4
   Summon Lightning Spire             Summoning/Air                4
   Summon Ice Beast                   Ice/Summoning                4


   Skills:
 * Level 14.2 Fighting
 - Level 10.0(15.5) Staves
 - Level 1.7 Throwing
 + Level 11.3(15.5) Armour
 + Level 11.6(15.8) Dodging
 - Level 12.7(15.3) Evocations


You had 15 spell levels left.
You didn't know any spells.

Dungeon Overview and Level Annotations

Branches:
Dungeon (14/15)            Temple (1/1) D:6             Orc (4/4) D:12
    Elf (0/3) Orc:3          Lair (8/8) D:8           Swamp (5/5) Lair:5
  Snake (0/5) Lair:5        Slime (0/6) Lair:7       Vaults (0/5) D:14

Altars:
Ashenzari
Cheibriados
Dithmenos
Elyvilon
Fedhas
Gozag
Kikubaaqudgha
Makhleb
Nemelex Xobeh
Okawaru
Qazlal
Sif Muna
Trog
Vehumet
Xom
Yredelemnul
Zin
The Shining One
Beogh
Jiyva

Shops:
D:13 =   Orc:1 *   Orc:4 [=*(

Portals:
Trove: D:11 (give 15 scrolls of identify)


Innate Abilities, Weirdness & Mutations

You have razor-sharp teeth.
You regenerate.
When hurt, damage is shared between your health and your magic reserves.
Your bite disrupts and absorbs the magic of your enemies.
Potions and wands cannot restore your health.
You are immune to rotting.


Message History

* * * LOW HITPOINT WARNING * * *
The five-headed hydra closely misses you.
You are too berserk!
* * * LOW HITPOINT WARNING * * *
You feel very sick.
You feel a strong urge to attack something.
* * * LOW HITPOINT WARNING * * *
You feel very sick.
The swamp dragon breathes poison at you.
The blast of poison hits the five-headed hydra.
The blast of poison misses you.
A spriggan druid comes into view. It is wielding a quarterstaff.
You are no longer berserk.
You pass out from exhaustion.
You feel yourself slow down.
* * * LOW HITPOINT WARNING * * *
You feel very sick.
The spriggan druid calls out to the beasts of the wild!
A swamp dragon comes into view.
You die...

♣≈≈≈≈≈≈≈P.≈♣ ,
♣≈≈≈≈≈≈≈D.≈≈≈ * .{,**
♣≈..≈≈≈≈.≈≈..♣#*iD{*#♣
♣♣.≈≈≈..≈.(≈≈.≈##{*#≈.
♣♣≈≈≈≈♣...≈≈..≈.D,.%$
♣♣≈≈≈.♣.§≈♣i♣♣≈≈≈♣.≈.
♣≈≈≈§§§...§♣*♣{≈≈...%
♣♣♣♣≈§§§§§....♣♣♣..♣...≈
♣≈≈≈≈≈≈@§D≈≈...k.≈≈≈.≈§≈
♣[≈≈≈≈≈.§§D≈D≈≈≈.≈≈..≈≈≈
♣♣.§§.§§.§%§§≈≈≈≈.≈♣D≈≈≈
♣♣♣♣♣♣♣♣♣♣♣.≈≈≈≈♣♣{D.≈≈
♣♣.....%♣♣♣♣. ♣♣♣♣♣..♣
*♣ ♣♣♣♣


You could see 2 five-headed hydras, 2 swamp dragons, a spriggan druid and a
swamp drake.

Vanquished Creatures
  Maud (D:14)
  An orc warlord (Orc:4)
  The ghost of TZer0 the Slicer, a powerful VSBe of Trog (Swamp:2)
  Snorg (Lair:3)
  2 blizzard demons (IceCv)
  A fire dragon (Lair:8)
  19 hydras
  Fannar (Lair:4)
  Harold (Lair:4)
  2 ice dragons (Swamp:4)
  A shambling mangrove (Swamp:2)
  Nessos (Orc:4)
  8 alligators
  3 orc high priests (Orc:4)
  6 death yaks
  3 catoblepae
  2 unseen horrors
  2 spriggan druids
  A giant orange brain (D:11)
  2 hill giants
  6 ice devils
  5 swamp dragons
  2 orc knights (Orc:4)
  An oklob plant (Orc:1)
  6 orc sorcerers (Orc:4)
  A red wasp (Swamp:2)
  2 cyclopes
  A manticore (D:11)
  11 elephants
  An ugly thing (D:14)
  Joseph (D:8)
  2 torpor snails
  5 black mambas
  8 spiny frogs
  A gargoyle (D:13)
  Psyche (D:13)
  4 fire drakes
  3 freezing wraiths (IceCv)
  4 anaconda simulacra (IceCv)
  15 komodo dragons
  A blue devil (IceCv)
  Grinder (D:3)
  5 trolls
  7 giant leeches
  6 bog bodies
  A boulder beetle (shapeshifter) (D:14)
  10 slime creatures
  Prince Ribbit (D:7)
  8 blink frogs (Lair:8)
  A wolf spider simulacrum (IceCv)
  4 baby alligators (Swamp:2)
  8 ravens
  3 shadows
  5 basilisks
  3 wyverns
  2 dire elephant simulacra (IceCv)
  A water elemental (D:14)
  A hill giant zombie (D:13)
  A deep elf fighter (D:8)
  Eustachio (D:4)
  4 spriggans
  A wraith (D:12)
  Grum (D:8)
  2 harpy simulacra (IceCv)
  28 yaks
  5 hippogriffs
  4 nagas (Lair:5)
  3 hungry ghosts
  21 swamp worms
  Edmund (D:8)
  A death yak simulacrum (IceCv)
  5 wargs
  5 hydra simulacra
  3 iron troll simulacra (IceCv)
  7 wolves
  3 mottled dragons
  21 vampire mosquitoes
  16 water moccasins
  8 porcupines
  A soldier ant (shapeshifter) (D:14)
  24 orc warriors
  12 swamp drakes
  A black bear (D:7)
  9 ogres
  A phantom (D:9)
  2 sky beasts
  A manticore zombie (D:8)
  4 yellow wasps
  A boring beetle (shapeshifter) (D:14)
  An alligator simulacrum (IceCv)
  A necrophage (D:7)
  7 centaurs
  9 giant frogs
  4 brain worms (D:11)
  22 crocodiles
  Sigmund (D:7)
  An ettin simulacrum (IceCv)
  Duvessa (D:4)
  A boring beetle (Lair:4)
  A komodo dragon zombie (D:14)
  The ghost of inmateoo the Ruinous, an average DECj (D:3)
  4 elf zombies (Ossuary)
  2 gnoll sergeants (D:8)
  19 insubstantial wisps
  2 big kobolds
  6 scorpions
  2 troll zombies
  A yak skeleton (D:8)
  A troll skeleton (D:11)
  15 killer bees
  A tengu skeleton (D:11)
  11 crimson imps
  An electric eel (D:14)
  2 goliath beetles (D:10)
  8 wights
  Dowan (D:4)
  11 hounds
  2 giant frog zombies
  A quasit (D:13)
  4 jellies
  19 orc priests
  2 centaur zombies
  33 orc wizards
  A two-headed ogre skeleton (D:12)
  Natasha (thrice) (D:3)
  13 iguanas
  16 sheep
  9 worker ants
  3 troll simulacra (IceCv)
  A big kobold zombie (D:8)
  2 wolf simulacra (IceCv)
  A centaur simulacrum (IceCv)
  An ogre zombie (D:7)
  2 mummies (Ossuary)
  2 hound skeletons
  16 adders
  17 gnolls
  35 green rats
  3 naga simulacra (IceCv)
  An ogre simulacrum (IceCv)
  An orc skeleton (D:7)
  7 shadow imps
  5 worms
  2 giant mites (D:4)
  7 white imps (IceCv)
  6 ufetubi (IceCv)
  3 adder zombies (Ossuary)
  An iguana skeleton (D:9)
  7 giant geckos
  155 orcs
  A ball python (D:1)
  A bat zombie (D:5)
  6 giant cockroaches
  15 hobgoblins
  6 quokkas
  28 bats
  A giant cockroach zombie (D:6)
  A giant gecko zombie (D:8)
  4 giant newts
  A giant spore (D:9)
  27 goblins
  14 hobgoblin zombies
  20 jackals
  16 kobolds
  A kobold skeleton (D:8)
  6 kobold zombies (Ossuary)
  8 orc zombies (Ossuary)
  26 rats
  2 rat zombies (Ossuary)
  8 ballistomycetes
  2 fungi
  4 plants
1120 creatures vanquished.

Vanquished Creatures (others)
  3 vampire mosquitoes (Swamp:5)
  4 insubstantial wisps (Swamp:5)
  A bat (D:8)
  4 giant spores
  A ballistomycete (D:8)
  2 fungi
15 creatures vanquished.

Grand Total: 1135 creatures vanquished

Notes
Turn   | Place    | Note
--------------------------------------------------------------
     0 | D:1      | Ratboiler, the Vine Stalker Gladiator, began the quest for the Orb.
     0 | D:1      | Reached XP level 1. HP: 11/11 MP: 1/1
   149 | D:1      | Reached XP level 2. HP: 8/15 MP: 3/3
   211 | D:1      | Reached skill level 3 in Staves
   698 | D:2      | Reached XP level 3. HP: 9/19 MP: 4/4
  1160 | D:2      | Reached XP level 4. HP: 23/23 MP: 5/5
  1236 | D:2      | Reached skill level 1 in Armour
  1338 | D:3      | Noticed inmateoo's ghost (average DECj)
  1425 | D:3      | Noticed Grinder
  1439 | D:3      | Paralysed by Grinder for 6 turns
  1487 | D:3      | Found a snail-covered altar of Cheibriados.
  1680 | D:4      | Reached XP level 5. HP: 28/28 MP: 7/7
  1691 | D:4      | Reached skill level 4 in Staves
  1751 | D:4      | Noticed Eustachio
  1756 | D:4      | Noticed Duvessa
  1756 | D:4      | Noticed Dowan
  1781 | D:4      | Killed Eustachio
  1781 | D:4      | Gained mutation: You heal very quickly. [vine stalker growth]
  1781 | D:4      | Reached XP level 6. HP: 24/32 MP: 8/8
  1800 | D:4      | Killed Duvessa
  1824 | D:4      | Killed Dowan
  1824 | D:4      | Reached XP level 7. HP: 28/36 MP: 7/9
  1960 | D:4      | Reached skill level 5 in Staves
  2112 | D:4      | Got an ivory cutlass
  2113 | D:4      | Identified the +7 cutlass "Fobiw" {elec, *Rage rElec SInv Stlth--} (You found it on level 4 of the Dungeon)
  2292 | D:3      | Paralysed by Grinder for 3 turns
  2537 | D:5      | Entered Level 5 of the Dungeon
  2548 | D:5      | Found a sand-covered staircase.
  2575 | Ossuary  | Entered an ossuary
  2791 | Ossuary  | Gained mutation: You have razor-sharp teeth. [vine stalker growth]
  2791 | Ossuary  | Reached XP level 8. HP: 36/42 MP: 8/11
  2805 | Ossuary  | Reached skill level 6 in Staves
  4114 | D:6      | Found a sparkling altar of Nemelex Xobeh.
  4326 | D:6      | Found a staircase to the Ecumenical Temple.
  4339 | Temple   | Entered the Ecumenical Temple
  4441 | Temple   | Became a worshipper of Ashenzari the Shackled
  4584 | D:3      | Killed inmateoo's ghost
  4642 | D:3      | Paralysed by Grinder for 4 turns
  4652 | D:3      | Killed Grinder
  4652 | D:3      | Reached skill level 7 in Staves
  4652 | D:3      | Reached XP level 9. HP: 46/46 MP: 12/12
  4728 | D:3      | Reached skill level 5 in Fighting
  4762 | D:3      | Noticed Natasha
  4767 | D:3      | Killed Natasha
  4818 | D:3      | Noticed Natasha
  4826 | D:3      | Killed Natasha
  5081 | D:3      | Noticed Natasha
  5084 | D:3      | Killed Natasha
  5716 | D:7      | Noticed Sigmund
  5818 | D:7      | Reached skill level 5 in Dodging
  5857 | D:7      | Killed Sigmund
  5906 | D:7      | Noticed Prince Ribbit
  5926 | D:7      | Killed Prince Ribbit
  5926 | D:7      | Reached skill level 8 in Staves
  6494 | D:8      | Found a staircase to the Lair.
  6553 | D:8      | Noticed Grum
  6730 | D:8      | Reached XP level 10. HP: 53/53 MP: 13/13
  6859 | D:8      | Reached skill level 9 in Staves
  6864 | D:8      | Killed Grum
  6864 | D:8      | Reached skill level 5 in Armour
  7040 | D:8      | Noticed Edmund
  7054 | D:8      | Killed Edmund
  7134 | D:8      | Noticed Joseph
  7152 | D:8      | Killed Joseph
  7492 | Lair:1   | Entered Level 1 of the Lair of Beasts
  8140 | Lair:1   | Acquired Ashenzari's first power
  8179 | Lair:1   | Reached skill level 1 in Evocations
  8471 | Lair:2   | Reached XP level 11. HP: 58/58 MP: 18/18
  8908 | Lair:3   | Noticed a seven-headed hydra
  9164 | Lair:3   | Noticed Snorg
  9175 | Lair:3   | Killed Snorg
  9175 | Lair:3   | Reached skill level 10 in Staves
  9411 | Lair:4   | Noticed a catoblepas
  9445 | Lair:4   | Killed a catoblepas
  9445 | Lair:4   | Reached skill level 5 in Evocations
  9513 | Lair:4   | Noticed Harold
  9521 | Lair:4   | Killed Harold
  9655 | Lair:4   | Found a deep blue altar of Sif Muna.
  9727 | Lair:4   | Noticed Fannar
  9740 | Lair:4   | Killed Fannar
 10616 | Lair:5   | Found a shattered altar of Ashenzari.
 10682 | Lair:5   | Acquired Ashenzari's second power
 10762 | Lair:5   | Gained mutation: You regenerate. [vine stalker growth]
 10762 | Lair:5   | Reached XP level 12. HP: 62/64 MP: 23/23
 10970 | Lair:5   | Found a staircase to the Snake Pit.
 11067 | Lair:5   | Found a staircase to the Swamp.
 11088 | Lair:5   | Noticed a five-headed hydra
 11104 | Lair:5   | Killed a five-headed hydra
 11868 | Lair:6   | Noticed a death yak
 11869 | Lair:6   | Noticed a death yak
 11870 | Lair:6   | Noticed a death yak
 11886 | Lair:6   | Noticed a death yak
 11886 | Lair:6   | Killed a death yak
 11889 | Lair:6   | Killed a death yak
 11896 | Lair:6   | Killed a death yak
 11899 | Lair:6   | Killed a death yak
 12506 | Lair:6   | Acquired Ashenzari's third power
 12753 | Lair:7   | Reached XP level 13. HP: 50/70 MP: 24/27
 12793 | Lair:7   | Noticed an eight-headed hydra
 12801 | Lair:7   | Killed an eight-headed hydra
 12983 | Lair:7   | Noticed a seven-headed hydra
 12989 | Lair:7   | Killed a seven-headed hydra
 12995 | Lair:7   | Reached skill level 10 in Evocations
 13122 | Lair:7   | Found a viscous altar of Jiyva.
 13123 | Lair:7   | Found a staircase to the Slime Pits.
 13562 | Lair:8   | Entered Level 8 of the Lair of Beasts
 14455 | Lair:8   | Reached skill level 11 in Evocations
 14976 | Lair:8   | Reached skill level 10 in Fighting
 14984 | Lair:8   | Reached XP level 14. HP: 58/77 MP: 29/29
 15173 | Lair:3   | Killed a seven-headed hydra
 15579 | D:9      | Found an opulent altar of Gozag.
 15581 | D:9      | Acquired Ashenzari's fourth power
 15989 | D:9      | Identified the +3 scale mail of Lifelessness {Str+3 Dex+3}
 16281 | D:10     | Entered Level 10 of the Dungeon
 16868 | D:11     | Lost intelligence.
 17248 | D:11     | Found a portal to a secret trove of treasure.
 17375 | D:11     | Reached skill level 12 in Evocations
 17950 | D:12     | Found a staircase to the Orcish Mines.
 18544 | D:13     | Found Etaco's Jewellery Emporium.
 18547 | D:13     | Noticed Psyche
 18554 | D:13     | Killed Psyche
 18559 | D:13     | Bought an uncursed ring of regeneration for 360 gold pieces
 18776 | D:13     | Identified the cursed +1 leather armour of the Ward {Dex+1}
 19298 | D:14     | Noticed Maud
 19328 | D:14     | Killed Maud
 19331 | D:14     | Found a gate to the Vaults.
 19490 | Orc:1    | Entered Level 1 of the Orcish Mines
 19571 | Orc:1    | Reached skill level 10 in Dodging
 19652 | Orc:1    | Found Ymuit's Assorted Antiques.
 19672 | Orc:1    | Bought a pair of gloves for 126 gold pieces
 20504 | Orc:3    | Found a staircase to the Elven Halls.
 21039 | Orc:4    | Entered Level 4 of the Orcish Mines
 21201 | Orc:4    | Reached XP level 15. HP: 83/83 MP: 31/31
 21207 | Orc:4    | Noticed Nessos
 21225 | Orc:4    | Found Cludoq's General Store.
 21378 | Orc:4    | Bought a scroll of identify for 30 gold pieces
 21396 | Orc:4    | Found Uphevuh's Jewellery Shop.
 21398 | Orc:4    | Noticed an orc warlord
 21422 | Orc:4    | Killed an orc warlord
 21583 | Orc:4    | Found Onuif's Antique Armour Shop.
 21670 | Orc:4    | Bought a twisted helmet for 275 gold pieces
 21670 | Orc:4    | Identified the cursed +0 helmet of the Other Side {rC++ rN+ Stlth+} (You bought it in a shop on level 4 of the Orcish Mines)
 21871 | Orc:4    | Found Pniastawn's Antique Weapon Boutique.
 21957 | Orc:4    | Killed Nessos
 21957 | Orc:4    | Reached skill level 10 in Armour
 21986 | Orc:4    | Found a roughly hewn altar of Beogh.
 22147 | Orc:4    | Found a roughly hewn altar of Beogh.
 23057 | Orc:4    | Bought a lajatang for 405 gold pieces
 23566 | Swamp:1  | Entered Level 1 of the Swamp
 23642 | Swamp:1  | Found a frozen archway.
 23652 | IceCv    | Entered an ice cave
 23797 | IceCv    | Identified the cursed -5 plate armour of Shiy {rF++}
 24665 | Swamp:1  | Identified the amulet "Zyduc" {Inacc Str-5 Dex+3}
 24804 | Swamp:2  | Noticed TZer0's ghost (powerful VSBe)
 24810 | Swamp:2  | Reached skill level 13 in Fighting
 24816 | Swamp:2  | Killed TZer0's ghost
 25012 | Swamp:2  | Found an opulent altar of Gozag.
 25258 | Swamp:2  | Reached XP level 16. HP: 83/91 MP: 32/32
 26436 | Swamp:4  | Reached skill level 14 in Fighting
 26859 | Swamp:5  | Entered Level 5 of the Swamp
 27003 | Swamp:5  | Succumbed to poison (poison gas)

Action                   |  1- 3 |  4- 6 |  7- 9 | 10-12 | 13-15 | 16-18 || total
-------------------------+-------+-------+-------+-------+-------+-------++-------
Melee: Quarterstaff      |   112 |    26 |       |   453 |  1389 |       ||  1980
       Mace              |       |    57 |   493 |    77 |       |       ||   627
       Cutlass           |       |       |     2 |       |       |       ||     2
       Lajatang          |       |       |       |       |   271 |   260 ||   531
Invok: Scrying           |       |       |       |     1 |       |       ||     1
 Abil: Evoke Berserk Rag |       |       |     5 |    12 |    21 |     3 ||    41
Evoke: Wand              |       |     1 |     2 |     4 |    13 |     7 ||    27
  Use: Scroll            |       |       |    16 |    19 |    36 |     4 ||    75
       Potion            |       |       |     2 |     5 |     4 |     3 ||    14
  Eat: Chunk             |     1 |     1 |    13 |    13 |    12 |     2 ||    42
       Beef jerky        |       |     1 |     1 |       |     2 |       ||     4
       Fruit             |       |       |     6 |    14 |     9 |       ||    29
       Pizza             |       |       |       |     1 |     2 |       ||     3
       Bread ration      |       |       |       |     1 |     4 |       ||     5
       Meat ration       |       |       |       |       |     2 |     2 ||     4
       Royal jelly       |       |       |       |       |     1 |     1 ||     2
